 Dungeon Crawl Stone Soup version 0.31.0-4-g52a2dc7128 (webtiles) character file.

Game seed: 17273715797561486198

700 shadowrider38 the Cutter (level 7, -4/32 HPs)
             Began as a Vine Stalker Necromancer on Jan 21, 2024.
             Slain by an orc
             ... wielding a +1 short sword of electrocution
              (13 damage)
             ... on level 8 of the Dungeon.
             The game lasted 00:04:42 (3052 turns).

shadowrider38 the Cutter (Vine Stalker Necromancer) Turns: 3052, Time: 00:04:43

Health: -4/32      AC: 12    Str: 12    XL:     7   Next: 65%
Magic:  0/11       EV:  2    Int: 15    God:
Gold:   244        SH:  0    Dex: 15    Spells: 9/10 levels left

rFire   . . .        a - +1 dagger (drain)
rCold   . . .        (no shield)
rNeg    . . .        j - +0 plate armour
rPois   .            h - +1 helmet
rElec   .            (no cloak)
rCorr   .            (no gloves)
SInv    .            (no boots)
Will    .....        (no amulet) Stlth
                     (no ring)
HPRegen 1.05/turn    (no ring)
MPRegen 0.12/turn

%: guardian spirit
@: no status effects
A: fangs 2, regeneration 1, magic shield, antimagic bite, no potion heal 2
a: no special abilities


You were on level 8 of the Dungeon.
You visited 1 branch of the dungeon, and saw 6 of its levels.

You collected 244 gold pieces.

Inventory:

Hand Weapons
 a - a +1 dagger of draining (weapon)
 l - a +1 rapier
Missiles
 v - 4 javelins
Armour
 h - a +1 helmet (worn)
 j - a +0 plate armour (worn)
Magical Staves
 f - a staff of conjuration
Wands
 k - a wand of polymorph (10)
Scrolls
 e - a scroll of torment
 g - a scroll of enchant weapon
 o - 2 scrolls of amnesia
 p - a scroll of noise {unknown}
 r - a scroll of blinking {unknown}
 t - a scroll of revelation
Potions
 b - a potion of magic
 c - 2 potions of enlightenment {unknown}
 n - 2 potions of heal wounds {unknown}
 q - a potion of brilliance {unknown}


   Skills:
 + Level 7.4 Short Blades
 - Level 1.5 Dodging
 - Level 2.4 Stealth
 - Level 2.1 Spellcasting
 - Level 4.0 Necromancy


You had 9 spell levels left.
You knew the following spells:

 Your Spells              Type           Power      Damage    Failure   Level
a - Necrotise             Necr           52%        1d6       100%        1

Your spell library contained the following spells:

 Spells                   Type           Power      Damage    Failure   Level
 Summon Small Mammal      Summ           4%         N/A       100%        1
 Call Imp                 Summ           2%         N/A       100%        2
 Sublimation of Blood     Necr           13%        N/A       100%        2
 Call Canine Familiar     Summ           1%         N/A       100%        3
 Inner Flame              Hex/Fire       1%         N/A       100%        3
 Vampiric Draining        Necr           13%        2d6       100%        3
 Animate Dead             Necr           13%        N/A       100%        4
 Flame Wave               Conj/Fire      1%         2d4       100%        4
 Manifold Assault         Tloc           1%         N/A       100%        4
 Sticky Flame             Fire/Alch      1%         2d4       100%        4
 Summon Blazeheart Golem  Fire/Summ      1%         N/A       100%        4
 Curse of Agony           Necr           13%        N/A       100%        5
 Dispersal                Tloc           0%         N/A       100%        6
 Summon Hydra             Summ           0%         N/A       100%        7
 Disjunction              Tloc           0%         N/A       100%        8


Dungeon Overview and Level Annotations

Branches:
Dungeon (8/15) Zot: 26918
 Temple: D:4-7         Lair: D:8-11

Altars:

Shops:
D:1 *   D:2 *

Annotations:
D:1 exclusion: downstairs
D:3 Grinder


Innate Abilities, Weirdness & Mutations

You have extremely sharp teeth.
Your natural rate of healing is unusually fast.
When hurt, damage is shared between your health and your magic reserves.
Your bite disrupts and absorbs the magic of your enemies.
Potions cannot restore your health.


Message History

You start to feel less resistant.
Found 8 gold pieces.
There is an open gate here.
You now have 244 gold pieces (gained 10).
Your resistance to elements expires.
There is an open gate here.
Found a scroll of identify.
An orc warrior and 2 orcs come into view.
An orc is wielding a +1 short sword of electrocution.
The orc shouts!
Unknown command.
You closely miss the orc warrior.
You bite the orc warrior, but do no damage.
The orc warrior hits you with a +0 flail!
You hit the orc warrior but do no damage.
You bite the orc warrior, but do no damage.
You hit the orc. Your bite misses the orc.
The orc is heavily wounded.
Okay, then.
Aiming: Polymorph
Press: ? - help, Shift-Dir - straight line, f - orc warrior
Aim: an orc warrior, wielding a +0 flail and wearing a +0 chain mail (will become a kobold, a wyvern, or a boggart, chance to affect: 49%)
The orc warrior resists with some effort.
The orc warrior hits you with a +0 flail.
The orc hits you with a +1 short sword of electrocution.
You are electrocuted!!
* * * LOW HITPOINT WARNING * * *
Okay, then.
Unknown command.
Aiming: Polymorph
Press: ? - help, Shift-Dir - straight line, f/p - orc warrior
Aim: an orc warrior, wielding a +0 flail and wearing a +0 chain mail (will become a kobold, a wyvern, or a boggart, chance to affect: 49%)
The orc warrior evaporates and reforms as a kobold!
The orc hits you but does no damage.
The kobold picks up a +0 flail.
The kobold wields a +0 flail.
The kobold picks up a +0 chain mail.
The kobold wears a +0 chain mail.
You hit the kobold. You drain the kobold.
You kill the kobold!
The orc warrior returns to its original shape as it dies.
You barely miss the orc.
The orc is heavily wounded.
The orc hits you but does no damage.
You closely miss the orc. Your punch misses the orc. Your bite misses the orc.
The orc is heavily wounded.
You hit the orc. Your bite misses the orc.
The orc is almost dead.
The orc hits you with a +0 falchion.
* * * LOW HITPOINT WARNING * * *
The orc hits you but does no damage.
You are electrocuted!
You die...

########
########.....?#
..........oo..#
#..8...8.@#..#
#..#...#..#o.#
# #.>.#..#..#
#...#..#o.# #.
#)..#..#..#
#..#...#$.#..#
#..#'''#..#..#
#..+...+..#
#..+...+..#


You could see 2 orcs.

Vanquished Creatures
  2 hounds (D:4)
  An iguana (D:4)
  Robin (D:2)
  3 gnolls
  3 adders
  A ribbon worm (D:2)
  3 dart slugs
  12 orcs
  5 ball pythons
  6 bats
  4 endoplasms
  3 giant cockroaches
  15 goblins
  4 hobgoblins
  3 jackals (D:4)
  5 kobolds
  A quokka (D:1)
  4 frilled lizards
  4 rats
80 creatures vanquished.

Vanquished Creatures (collateral kills)
  A deep elf pyromancer (D:8)
1 creature vanquished.

Grand Total: 81 creatures vanquished

Notes
Turn   | Place    | Note
-------+----------+-------------------------------------------
     0 | D:1      | shadowrider38 the Vine Stalker Necromancer began the quest
                  | for the Orb.
     0 | D:1      | Reached XP level 1. HP: 9/9 MP: 4/4
    81 | D:1      | Reached skill level 1 in Short Blades
   144 | D:1      | Reached XP level 2. HP: 11/13 MP: 3/6
   321 | D:1      | Reached skill level 2 in Short Blades
   613 | D:2      | Found Qaah's General Store.
   682 | D:2      | Reached XP level 3. HP: 16/16 MP: 7/7
   922 | D:2      | Noticed Robin
  1250 | D:2      | Killed Robin
  1251 | D:2      | Reached skill level 3 in Short Blades
  1413 | D:3      | Reached XP level 4. HP: 21/21 MP: 8/8
  1818 | D:3      | Noticed Grinder
  2183 | D:4      | Reached skill level 4 in Short Blades
  2183 | D:4      | Reached XP level 5. HP: 24/24 MP: 9/9
  2882 | D:5      | Entered Level 5 of the Dungeon
  2897 | D:4      | Reached skill level 5 in Short Blades
  2919 | D:4      | Reached XP level 6. HP: 28/28 MP: 8/10
  2968 | D:5      | You fall into a shaft and drop 3 floors!
  2970 | D:8      | Noticed a deep elf pyromancer
  2974 | D:8      | Killed a deep elf pyromancer
  2975 | D:8      | Reached skill level 7 in Short Blades
  2975 | D:8      | Reached XP level 7. HP: 31/32 MP: 11/11
  3052 | D:8      | Slain by an orc

Illustrated notes

Levels and vault maps discovered:
D:1:      minmay_arrival_shoal_huts, layout_basic, minmay_circled_x
D:2:      layout_basic, serial_shops, shop, uniq_robin
D:3:      layout_loops_ring, shapermc_ecumenical_altar_ellora, uniq_grinder
D:4:      layout_basic
D:5:      layout_rooms, minmay_temple_entry_statues_fountains,
          corexii_checkpoint, uniq_edmund
D:8:      layout_rooms, special_room [special_room_orc],
          guppyfry_early_elven_hall, uniq_joseph

Skill      XL: |  1  2  3  4  5  6 |
---------------+-------------------+-----
Short Blades   | 1 2 3 4 5 7 |  7.4
Dodging        | |  1.5
Stealth        | |  2.4
Spellcasting   | |  2.1
Necromancy     | |  4.0

Action                     |  1- 3 |  4- 6 |  7- 9 || total
---------------------------+-------+-------+-------++-------
  Melee: Dagger            |    27 |   135 |     7 ||   169
         Short sword       |    22 |       |       ||    22
         Bite              |    15 |    44 |     2 ||    61
         Rapier            |    26 |       |       ||    26
         Unarmed           |     3 |       |       ||     3
   Cast: Necrotise         |     9 |       |       ||     9
  Evoke: Wand              |       |       |     2 ||     2
    Use: Scroll            |     3 |     8 |       ||    11
         Potion            |       |     1 |       ||     1
   Stab: Sleeping          |     1 |       |       ||     1
 Armour: Robe              |    11 |       |       ||    11
         Plate armour      |    63 |   134 |     7 ||   204
  Dodge: Dodged            |    25 |    12 |       ||    37
